AoeStats
← E_BrightBlade

Golden Pit

510200846Analyzed
1v1 RM · 15h ago on Sep 29, 2026· 37m 13s· 2 players
Game mode
Random Map
Map size
Tiny (2 player)
Population
200
Speed
Normal
Resources
Standard
Victory
Conquest
Starting age
Dark Age
Ending age
Imperial Age
RankedLock teamsTeams togetherTeam positionsShared explorationLock speedFull tech treeHidden civsTurbo modeCheats
Victory
Defeat
🇨🇴 Malians · Colombia
1441
+15
🇺🇸 Teutons · United States
1414
-15
E_BrightBlade
7:51 Loom
10:41 Feudal Age
10:54 Man-at-Arms
12:25 Scale Mail Armor
13:35 Forging
17:17 Double-Bit Axe
19:43 Wheelbarrow
20:24 Town Watch
23:35 Castle Age
22:06 Scale Barding Armor
23:31 Gold Mining
24:04 Bloodlines
26:24 Bow Saw
El Detonador*
6:28 Loom
8:45 Feudal Age
9:41 Double-Bit Axe
10:00 Horse Collar
23:15 Castle Age
21:29 Fletching
23:05 Padded Archer Armor
23:12 Gold Mining
24:22 Wheelbarrow
23:59 Bodkin Arrow
23:59 Arson
23:45 Crossbowman
25:05 Bow Saw
25:30 Pikeman
28:21 Scale Mail Armor
33:00 Sanctity
34:35 Heavy Plow
39:04 Imperial Age
37:14 Ballistics
Connection lost

Rejoining the realm…

Still unreachable

The connection could not be restored.

Session expired

The server has moved on; the page needs a fresh start.